 Dungeon Crawl Stone Soup version 0.31.0-32-g396128a36d (webtiles) character file.

Game seed: 16171386957442954434

23 Alphaeus the Changeling (level 2, -1/14 HPs)
             Began as a Spriggan Shapeshifter on Mar 19, 2024.
             Slain by a goblin
             ... wielding a +0 dagger
             ... led by Robin
              (4 damage)
             ... on level 2 of the Dungeon.
             The game lasted 00:01:02 (828 turns).

Alphaeus the Changeling (Spriggan Shapeshifter)      Turns: 828, Time: 00:01:03

Health: -1/14      AC:  2    Str: 10    XL:     2   Next: 72%
Magic:  3/3        EV: 17    Int: 11    God:
Gold:   85         SH:  0    Dex: 14    Spells: 1/1 levels left

rFire   . .          .
                       - Unarmed
rCold   . . .        (no shield)
rNeg    . . .        a - +0 animal skin
rPois   .            (helmet currently unavailable)
rElec   .            (cloak currently unavailable)
rCorr   .            (gloves unavailable)
SInv    +            (boots unavailable)
Will    .....        (no amulet)
Stlth   +            (no ring)
HPRegen 0.22/turn    (no ring)
MPRegen 0.08/turn

%: no passive effects
@: beast-form, very quick
A: beast (slay +2), very small, no large weapons, unfitting armour, see
invisible, speed 3
a: Begin Untransformation


You were on level 2 of the Dungeon.
You were a hulking beast.
You visited 1 branch of the dungeon, and saw 2 of its levels.

You collected 85 gold pieces.

Inventory:

Armour
 a - a +0 animal skin (worn)
Talismans
 c - a beast talisman
 d - a flux talisman
Scrolls
 e - a scroll of enchant armour {unknown}
 f - a scroll of teleportation {unknown}
Potions
 b - a potion of lignification


   Skills:
 + Level 1.1 Fighting
 + Level 3.0 Dodging
 * Level 2.8 Unarmed Combat
 * Level 4.4 Shapeshifting


You had one spell level left.
You didn't know any spells.
Your spell library was empty.

Dungeon Overview and Level Annotations

Branches:
Dungeon (2/15)

Altars:

Annotations:
D:2 Robin


Innate Abilities, Weirdness & Mutations

You are a hulking beast.
Your limbs bulge with bestial killing power. (Slay +2)
You are very small and have problems with some larger weapons.
You are too small for most types of armour.
You have supernaturally acute eyesight. (SInv)
You cover ground extremely quickly. (Speed+++)


Message History

The goblin is moderately wounded.
You barely miss the goblin.
The goblin is moderately wounded.
The goblin hits you but does no damage. The goblin closely misses you.
You hit the goblin.
You kill the goblin!
Robin says, "Duck!"
Robin throws the goblin at you!
You hit the goblin.
The goblin is heavily wounded.
The goblin misses you. The goblin completely misses you.
Robin roars a battlecry!
The goblins go into a battle-frenzy!
You closely miss the goblin.
The goblin is heavily wounded.
The goblin barely misses you.
Robin says, "My army is invincible!"
You hit the goblin.
The goblin is severely wounded.
The goblin hits you with a +0 club. The goblin hits you with a +0 dagger.
The goblin completely misses you. Robin throws the goblin at you!
You hit the goblin.
You kill the goblin!
The goblin misses you. The goblin closely misses you.
You punch Robin!
Robin is moderately wounded.
The goblin hits you with a +0 dagger. x2
* * * LOW HITPOINT WARNING * * *
The goblin closely misses you.
You are too injured to fight recklessly!
You are too injured to fight recklessly!
You are too injured to fight recklessly!
You are too injured to fight recklessly!
You are too injured to fight recklessly!
You are too injured to fight recklessly!
You are too injured to fight recklessly!
You are too injured to fight recklessly!
You barely miss the goblin. The goblin misses you.
The goblin barely misses you. The goblin hits you with a +0 dagger.
You die...

..# #.#.#
#.#.# ######
#.#.# ##gg..#
#.#.# #gh##.#
#.#.######g##
#
#.#.#gg.†..#
#.gggg######
#.g.###
##...# #....#
#...g#..#
.....gg##.#


You could see Robin and 3 goblins.

Vanquished Creatures
  A dart slug (D:1)
  2 endoplasms (D:1)
  9 goblins
  2 hobgoblins
  A bat (D:2)
  2 kobolds (D:1)
  A rat (D:1)
18 creatures vanquished.

Notes
Turn   | Place    | Note
-------+----------+-------------------------------------------
     0 | D:1      | Alphaeus the Spriggan Shapeshifter began the quest for the
                  | Orb.
     0 | D:1      | Reached XP level 1. HP: 9/9 MP: 2/2
   498 | D:1      | Reached skill level 1 in Fighting
   614 | D:1      | Reached XP level 2. HP: 6/14 MP: 3/3
   683 | D:2      | Noticed Robin
   828 | D:2      | Slain by a goblin

Illustrated notes

Levels and vault maps discovered:
D:1:      roderic_crop_circles_arrival_small, layout_loops_cross,
          minmay_bisected
D:2:      layout_rooms, minmay_tall_x, uniq_crazy_yiuf_cottage, uniq_robin

Skill      XL: |  1  2 |
---------------+-------+-----
Fighting       | 1 |  1.1
Dodging        | 3 |  3.0
Unarmed Combat | |  2.8
Shapeshifting  | |  4.4

Action                     || total
---------------------------++-------
  Melee: Unarmed           ||    77
         Punch             ||     1
   Stab: Sleeping          ||     1
 Armour: Animal skin       ||    26
  Dodge: Dodged            ||    43
